 Dungeon Crawl Stone Soup version 0.31-a0-986-g5e6e4ef867 (webtiles) character file.

Game seed: 15597739550684422919

96306 croobank the Covert (level 15, -1/126 HPs)
             Began as a Demigod Summoner on Nov 4, 2023.
             Killed from afar by a deep elf knight (28 damage)
             ... with a shard of ice
             ... on level 1 of the Elven Halls.
             The game lasted 01:48:19 (28606 turns).

croobank the Covert (Demigod Summoner)             Turns: 28606, Time: 01:48:20

Health: -1/126     AC: 14    Str: 19    XL:     15   Next: 25%
Magic:  42/51      EV: 17    Int: 37    God:
Gold:   510        SH:  5    Dex: 20    Spells: 7/32 levels left

rFire   + + +        O - +8 double sword "Duschake" {spect, rPois rF+++ rC- Str+4}
rCold   . . .        (no shield)
rNeg    + . .        N - +2 ring mail {rC+}
rPois   +            H - +0 helmet "Ziples" {MP+9}
rElec   +            r - scarf {repulsion}
rCorr   .            s - +1 pair of gloves
SInv    .            w - +1 pair of boots
Will    ++...        C - amulet of reflection
Stlth   ++++         J - ring of Music {rElec rN+ Will+ Dex+6}
HPRegen 0.41/turn    R - ring "Fankee" {Contam rF+ MP+9 Str+6}
MPRegen 0.32/turn

%: repel missiles, reflection
@: wereblooded
A: high MP 1, forlorn, divine attributes
a: no special abilities


You were on level 1 of the Elven Halls.
You visited 4 branches of the dungeon, and saw 22 of its levels.
You also visited: Gauntlet and Volcano.

You collected 2048 gold pieces.
You spent 1538 gold pieces at shops.

Inventory:

Hand Weapons
 i - the +7 rapier "Gyuw" {flame, rF++ rC+ SInv}
   (You acquired it on level 4 of the Dungeon)

   rF++:      It greatly protects you from fire.
   rC+:       It protects you from cold.
   SInv:      It lets you see invisible.
 O - the +8 double sword "Duschake" (weapon) {spect, rPois rF+++ rC- Str+4}
   (You acquired it on level 11 of the Dungeon)

   Str+4:     It affects your strength (+4).
   rF+++:     It renders you almost immune to fire.
   rC-:       It makes you vulnerable to cold.
   rPois:     It protects you from poison
 Q - a +4 demon blade of electrocution
 U - a +2 scimitar of flaming
Missiles
 b - 8 atropa-tipped darts
 I - 2 curare-tipped darts
 M - 5 silver javelins
 S - 6 javelins
 T - a throwing net
 W - 3 datura-tipped darts
Armour
 r - a scarf of repulsion (worn)
 s - a +1 pair of gloves (worn)
 w - a +1 pair of boots (worn)
 z - a +1 helmet of see invisible
 H - the +0 helmet "Ziples" (worn) {MP+9}
   (You found it in a Gauntlet)

   MP+9:      It affects your magic capacity (+9).
 N - a +2 ring mail of cold resistance (worn)
Magical Staves
 P - a staff of fire
Jewellery
 a - a +4 ring of protection
 c - a ring of protection from cold
 j - the ring of the Sparrow {Ice Str+2 Stlth+}
   (You found it on level 7 of the Dungeon)

   [ring of ice]

   Ice:       It enhances your ice magic.
   Str+2:     It affects your strength (+2).
   rF-:       It makes you vulnerable to fire.
   rC+:       It protects you from cold.
   Stlth+:    It makes you more stealthy.
 A - a ring of wizardry
 C - an amulet of reflection (around neck)
 D - a +4 ring of slaying
 J - the ring of Music (left hand) {rElec rN+ Will+ Dex+6}
   (You found it on level 8 of the Dungeon)

   [ring of dexterity]

   Dex+6:     It affects your dexterity (+6).
   rElec:     It insulates you from electricity.
   rN+:       It protects you from negative energy.
   Will+:     It increases your willpower.
 R - the ring "Fankee" (right hand) {Contam rF+ MP+9 Str+6}
   (You bought it in a shop on level 2 of the Orcish Mines)

   [ring of strength]

   Str+6:     It affects your strength (+6).
   rF+:       It protects you from fire.
   MP+9:      It affects your magic capacity (+9).
   Contam:    It causes magical contamination when unequipped.
 V - a ring of see invisible
Talismans
 n - a beast talisman
Wands
 p - a wand of mindburst (6)
 x - a wand of flame (68)
 y - a wand of paralysis (18)
 Y - a wand of digging (4)
Scrolls
 f - 6 scrolls of identify
 g - 2 scrolls of vulnerability
 k - a scroll of blinking
 l - 4 scrolls of fog
 q - 4 scrolls of immolation
 u - 2 scrolls of torment
 B - a scroll of amnesia
 F - a scroll of enchant armour
 K - 3 scrolls of poison
 L - 4 scrolls of teleportation
Potions
 d - a potion of lignification
 e - 5 potions of brilliance
 h - 3 potions of resistance
 m - a potion of might
 o - 3 potions of haste
 t - 4 potions of attraction
 v - 6 potions of curing
 E - 2 potions of magic
 G - 2 potions of enlightenment
 Z - 4 potions of ambrosia


   Skills:
 + Level 9.8 Fighting
 + Level 7.8 Long Blades
 - Level 6.0 Armour
 + Level 10.0 Dodging
 + Level 10.7 Stealth
 + Level 9.2 Spellcasting
 * Level 10.0 Hexes
 + Level 10.3 Summonings
 - Level 7.0 Air Magic


You had 7 spell levels left.
You knew the following spells:

 Your Spells              Type           Power      Damage    Failure   Level
a - Summon Small Mammal   Summ           100%       N/A       1%          1
b - Call Imp              Summ           100%       N/A       1%          2
c - Call Canine Familiar  Summ           76%        N/A       1%          3
d - Summon Guardian Gole  Hex/Summ       75%        N/A       1%          3
e - Summon Lightning Spi  Summ/Air       69%        N/A       1%          4
f - Mephitic Cloud        Conj/Pois/Air  34%        N/A       4%          3
g - Enfeeble              Hex            37%        N/A       47%         7
h - Wereblood             Tmut           17%        N/A       6%          2

Your spell library contained the following spells:

 Spells                   Type           Power      Damage    Failure   Level
 Shock                    Conj/Air       100%       1d9       1%          1
 Slow                     Hex            100%       N/A       1%          1
 Jinxbite                 Hex            100%       N/A       1%          2
 Confusing Touch          Hex            74%        N/A       1%          3
 Sigil of Binding         Hex            74%        N/A       1%          3
 Swiftness                Air            62%        N/A       1%          3
 Cause Fear               Hex            37%        N/A       1%          4
 Airstrike                Air            31%        2d(5-21)  2%          4
 Magic Dart               Conj           68%        1d6       3%          1
 Necrotise                Necr           68%        1d7       3%          1
 Sting                    Tmut/Pois      68%        1d6       3%          1
 Anguish                  Hex/Necr       26%        N/A       4%          4
 Animate Armour           Summ/Erth      100%       N/A       4%          4
 Dimensional Bullseye     Hex/Tloc       26%        N/A       4%          4
 Fulminant Prism          Conj/Hex       26%        3d14      4%          4
 Leda's Liquefaction      Hex/Erth       26%        N/A       4%          4
 Searing Ray              Conj           34%        2d5       6%          2
 Gell's Gravitas          Tloc           17%        N/A       12%         3
 Ozocubu's Armour         Ice            17%        N/A       12%         3
 Stone Arrow              Conj/Erth      34%        3d9       12%         3
 Teleport Other           Tloc           17%        N/A       12%         3
 Vampiric Draining        Necr           17%        2d7       12%         3
 Metabolic Englaciation   Hex/Ice        26%        N/A       14%         5
 Animate Dead             Necr           17%        N/A       36%         4
 Olgreb's Toxic Radiance  Pois           17%        N/A       36%         4
 Agony                    Necr           17%        N/A       71%         5
 Irradiate                Conj/Tmut      8%         3d14      71%         5
 Haunt                    Necr/Summ      26%        N/A       98%         7
 Dispersal                Tloc           8%         N/A       99%         6
 Simulacrum               Ice/Necr       8%         N/A       99%         6
 Discord                  Hex            37%        N/A       99%         8
 Ignition                 Fire           8%         3d5       100%        8
 Infestation              Necr           8%         N/A       100%        8
 Lehudib's Crystal Spear  Conj/Erth      8%         10d4      100%        8


Dungeon Overview and Level Annotations

Branches:
Dungeon (14/15)            Temple (0/1) D:4            Lair (5/5) D:9
  Swamp (0/4) Lair:2        Snake (0/4) Lair:3        Slime (0/5) Lair:4
    Orc (2/2) D:12            Elf (1/3) Orc:2       Volcano (visited)
Gauntlet (visited)
 Vaults: D:13-14

Shops:
D:2 [[   D:3 (   Orc:2 ?=*(

Portals:
Pandemonium: Orc:2
Wizlab: Elf:1


Innate Abilities, Weirdness & Mutations

You have an increased reservoir of magic. (+10% MP)
You shall have no god before yourself.
Your divine heritage dramatically boosts your attributes as you level up.


Message History

Confirm with . or Enter, or press ? or * to list all spells.
Your blood is infused with primal strength.
The deep elf knight is engulfed in noxious fumes.
The deep elf knight closely misses you.
You miss the deep elf knight. Your punch misses the deep elf knight.
Your +8 double sword "Duschake" {spect, rPois rF+++ rC- Str+4} hits the deep elf knight.
You block the deep elf knight's attack.
You closely miss the deep elf knight.
The deep elf knight is lightly wounded.
Your +8 double sword "Duschake" {spect, rPois rF+++ rC- Str+4} hits the deep elf knight!
A +2 short sword of flaming comes into view.
The deep elf knight casts a spell.
The deep elf knight flickers and vanishes!
Deactivating autopickup; reactivate with Ctrl-A.
The +2 short sword of flaming hits you! Something hits you!!
* * * LOW HITPOINT WARNING * * *
Something burns you.
* * * LOW HITPOINT WARNING * * *
Your lightning spire shoots out a bolt of lightning at the fire elemental!
The bolt of electricity hits the fire elemental!
The fire elemental resists.
You slash something!
Your +8 double sword "Duschake" {spect, rPois rF+++ rC- Str+4} barely misses something.
The +2 short sword of flaming hits you.
* * * LOW HITPOINT WARNING * * *
Something hits you but does no damage.
You block the +2 short sword of flaming's attack.
The deep elf zephyrmancer is engulfed in noxious fumes.
The deep elf zephyrmancer appears confused.
Something hits you but does no damage.
Okay, then.
Casting: Wereblood (safe; 6% risk of failure)
Confirm with . or Enter, or press ? or * to list all spells.
Your +8 double sword "Duschake" {spect, rPois rF+++ rC- Str+4} disappears.
The +2 short sword of flaming hits you but does no damage.
The +2 short sword of flaming barely misses you.
You hear some strange, mumbled words.
A shard of ice appears from out of thin air!
The shard of ice hits you!!
You die...

,****,,,,,,,,,,+*#####,,,####...#
,,,,,,,,*..*#.***#...#,,,+...#)#.
,*****,.##°##.* #.#)#,,,#.#.)...
,**~~,,..e.☼≈.####...#+###...#.#.
,**~~,~~~≈.E~.#...#.#..)###'#.).#
,**,,,~≈≈≈....#.#....)#.#..)#.#.#
,**,~~*###~~..#...#.#...'.).#)..#
,,,,~~*.∩#≈≈.e####...####.).#####
,,,,~~*..#≈~.)E{@#.#.#....#....#
**,,~~,###≈~...#.(...#...#.#...#
**,,,~≈≈~...#.8h#####(...#....#
*~~,~~≈~.~~..+.#***####...##+#*
*~~,,....~~###..,,* *...#,,,*
*****######* ####,* *...#,*,,
*,*****####,,,* *,,,,,,,,,,,,,,
***************


You could see a deep elf pyromancer, a fire elemental (summoned, ally target), a
+2 short sword of flaming (ally target), a friendly warg (summoned) and a
friendly lightning spire (summoned).

Vanquished Creatures
  A red draconian (Volcano)
  2 dire elephants (Lair:5)
  A minotaur (Gauntlet)
  A hell beast (Gauntlet)
  A hydra (Lair:5)
  A catoblepas (Lair:2)
  2 dancing weapons (Elf:1)
  A demonspawn (Orc:2)
  4 death yaks
  2 deep elf knights (Elf:1)
  Sonja (Lair:4)
  6 orc high priests
  A skyshark (Lair:5)
  A salamander mystic (Volcano)
  A spectral death yak (Lair:5)
  An obsidian statue (Lair:5)
  9 deep elf pyromancers
  3 orc knights (Orc:2)
  2 deep elf zephyrmancers (Elf:1)
  2 necromancers (Lair:5)
  5 orc sorcerers
  An oklob plant (Lair:4)
  A manticore (D:12)
  4 salamanders (Volcano)
  8 black mambas
  A dire elephant zombie (Lair:5)
  An ice statue (Gauntlet)
  8 elephants
  7 cane toads
  A gargoyle (D:12)
  2 unseen horrors
  3 rime drakes
  A dire elephant skeleton (Lair:5)
  4 komodo dragons
  A polar bear (Lair:4)
  3 meliai (Lair:4)
  A queen bee (Gauntlet)
  3 trolls
  A tyrant leech (Lair:2)
  7 blink frogs
  A spectral elephant (Lair:5)
  2 slime creatures (D:12)
  24 yaks
  2 wraiths
  A fire elemental (D:11)
  2 wyverns (Lair:2)
  A basilisk (Lair:5)
  2 death yak simulacra (Lair:5)
  3 wargs
  2 swamp worms (Lair:2)
  A spectral cane toad (Lair:5)
  2 hell hounds
  5 water moccasins
  13 orc warriors
  A sky beast (D:5)
  2 black bears
  14 wolves
  2 ogres
  2 centaurs (D:11)
  2 elephant skeletons (Lair:5)
  Blork the orc (D:5)
  6 bullfrogs
  A scorpion (D:5)
  A cane toad simulacrum (Lair:5)
  A wight (D:6)
  17 killer bees
  An elephant simulacrum (Lair:5)
  A lava snake (Lair:3)
  A hound (D:5)
  13 orc priests
  A gnoll bouda (D:9)
  A jelly (D:8)
  4 iguanas
  9 orc wizards
  3 hell rats (Lair:4)
  A hound skeleton (D:5)
  A gnoll (D:4)
  An adder (D:2)
  17 orcs
  A giant cockroach (D:3)
  4 goblins
  2 quokkas
  2 bats
  2 kobolds (D:10)
  3 rats
  A spectral weapon (Gauntlet)
286 creatures vanquished.

Vanquished Creatures (collateral kills)
  A dire elephant (Lair:5)
  Azrael (D:12)
  A demonspawn (Orc:2)
  4 hydras (Lair:5)
  A dancing weapon (Elf:1)
  2 two-headed ogres
  2 orc high priests (Orc:2)
  Urug (D:11)
  A spectral death yak (Lair:5)
  Amaemon (D:11)
  A spectral anaconda (Lair:5)
  2 orc knights (Orc:2)
  2 necromancers (Lair:5)
  2 deep elf pyromancers
  2 orc sorcerers (Orc:2)
  A salamander (Lair:3)
  An ugly thing (D:12)
  2 cyclopes (D:11)
  4 elephants
  An orange demon (D:11)
  3 cane toads
  A smoke demon (Orc:2)
  A black mamba (Lair:5)
  Maggie (D:8)
  Psyche (D:8)
  A rime drake (Lair:1)
  Jeremiah (D:9)
  6 komodo dragons
  An ice devil (Orc:2)
  A queen bee (Lair:4)
  2 trolls (Orc:2)
  A polar bear (Lair:4)
  A hornet (D:10)
  6 blink frogs
  A slime creature (D:12)
  Sigmund (D:3)
  A vampire (D:12)
  3 wraiths
  2 wyverns
  A fire elemental (D:12)
  25 yaks
  A spectral cane toad (Lair:5)
  3 wargs
  A hell hound (D:12)
  5 water moccasins
  13 orc warriors
  2 black bears (D:6)
  2 ogres (Orc:2)
  7 wolves
  6 centaurs
  A phantom (D:4)
  3 kobold brigands
  5 bullfrogs
  A scorpion (D:6)
  14 killer bees
  3 howler monkeys
  2 lava snakes (Lair:3)
  A jelly (Lair:4)
  A hound (D:6)
  23 orc priests
  3 iguanas
  12 orc wizards
  A hell rat (Lair:4)
  A nameless horror (D:9)
  A hound zombie (D:5)
  A hound skeleton (D:5)
  5 gnolls
  3 adders
  A shadow imp (D:5)
  A white imp (D:7)
  4 ufetubi
  2 adder skeletons (D:5)
  4 worms
  A dart slug (D:1)
  35 orcs
  4 endoplasms
  A giant cockroach (D:3)
  7 goblins
  6 hobgoblins
  4 quokkas
  7 ball pythons
  5 frilled lizards
  20 kobolds
317 creatures vanquished.

Vanquished Creatures (others)
  A dire elephant (Lair:5)
  Fannar (D:11)
  A hydra (Lair:2)
  3 death yaks (Lair:2)
  The ghost of tsujin the Insei, a novice GnSh of Trog (D:8)
  3 elephants
  2 cane toads
  A komodo dragon (D:11)
  A rime drake (Lair:5)
  A hornet (D:11)
  4 slime creatures
  10 yaks
  Eustachio (D:4)
  2 acid dragons
  A warg (Orc:2)
  2 water moccasins
  2 orc warriors
  A black bear (D:4)
  A centaur (D:5)
  2 ogres (D:4)
  A kobold brigand (D:10)
  A bullfrog (Lair:1)
  A scorpion (D:4)
  6 wights
  4 killer bees
  An elephant simulacrum (Lair:5)
  A hound (D:4)
  2 jellies
  2 orc priests (Orc:2)
  A gnoll bouda (D:3)
  An orc wizard (Orc:1)
  2 gnolls (D:3)
  4 orcs (Orc:2)
  A kobold (D:10)
  A butterfly (D:12)
  4 spectral weapons
74 creatures vanquished.

Grand Total: 677 creatures vanquished

Notes
Turn   | Place    | Note
-------+----------+-------------------------------------------
     0 | D:1      | croobank the Demigod Summoner began the quest for the Orb.
     0 | D:1      | Reached XP level 1. HP: 14/14 MP: 5/5
   327 | D:1      | Reached XP level 2. HP: 20/20 MP: 5/7
   330 | D:1      | Learned a level 2 spell: Call Imp
   847 | D:2      | Found Viclid's Armour Shop.
   975 | D:2      | Found Dugoch's Antique Armour Boutique.
  1142 | D:2      | Reached XP level 3. HP: 26/26 MP: 4/8
  1370 | D:2      | Learned a level 3 spell: Call Canine Familiar
  2574 | D:3      | Noticed Sigmund
  2589 | D:3      | Killed Sigmund
  2590 | D:3      | Reached skill level 1 in Fighting
  2590 | D:3      | Reached XP level 4. HP: 25/35 MP: 0/10
  2590 | D:3      | Reached XP level 5. HP: 28/40 MP: 0/12
  2594 | D:3      | Learned a level 3 spell: Summon Guardian Golem
  2819 | D:3      | Found Ymma's Weapon Emporium.
  3362 | D:4      | Noticed an ogre
  3485 | D:4      | Reached XP level 6. HP: 48/48 MP: 5/13
  3547 | D:4      | Reached skill level 1 in Hexes
  3652 | D:4      | Found a staircase to the Ecumenical Temple.
  3708 | D:4      | Noticed Eustachio
  3717 | D:4      | Reached XP level 7. HP: 51/56 MP: 3/15
  3718 | D:4      | Killed Eustachio
  3719 | D:4      | Reached skill level 5 in Summonings
  4714 | D:4      | Identified a scroll of acquirement
  4714 | D:4      | Acquired the +7 rapier "Gyuw" {flame, rF++ rC+ SInv}
  4731 | D:5      | Entered Level 5 of the Dungeon
  5435 | D:5      | Reached skill level 1 in Long Blades
  5546 | D:5      | Reached XP level 8. HP: 63/63 MP: 11/17
  5873 | D:5      | Noticed Blork the orc
  5881 | D:5      | Killed Blork the orc
  6200 | D:6      | Reached skill level 5 in Stealth
  6887 | D:6      | Reached XP level 9. HP: 71/71 MP: 14/19
  6892 | D:6      | Learned a level 4 spell: Summon Lightning Spire
  7879 | D:7      | Identified the ring of the Sparrow {Ice Str+2 Stlth+}
  8419 | D:8      | Noticed Maggie
  8422 | D:8      | Reached skill level 5 in Dodging
  8432 | D:8      | Killed Maggie
  8433 | D:8      | Reached skill level 1 in Air Magic
  8859 | D:8      | Noticed Psyche
  8879 | D:8      | Killed Psyche
  9201 | D:8      | Found a runed translucent door.
  9201 | D:8      | Noticed tsujin's ghost (novice GnSh)
  9248 | D:8      | Killed tsujin's ghost
  9249 | D:8      | Reached skill level 1 in Armour
  9249 | D:8      | Reached skill level 5 in Spellcasting
  9377 | D:8      | Identified the ring of Music {rElec rN+ Will+ Dex+6}
  9751 | D:9      | Reached XP level 10. HP: 25/80 MP: 17/21
  9981 | D:9      | Reached skill level 5 in Fighting
 10516 | D:9      | Noticed Jeremiah
 10537 | D:9      | Killed Jeremiah
 11159 | D:9      | Found a staircase to the Lair.
 11453 | D:10     | Entered Level 10 of the Dungeon
 11467 | D:10     | Reached skill level 5 in Hexes
 12254 | D:11     | Noticed Amaemon
 12267 | D:11     | Killed Amaemon
 12268 | D:11     | Reached XP level 11. HP: 89/89 MP: 15/23
 12356 | D:11     | Noticed Fannar
 12390 | D:11     | Killed Fannar
 12568 | D:11     | Reached skill level 5 in Long Blades
 12672 | D:11     | Reached skill level 5 in Armour
 12809 | D:11     | Noticed Urug
 12823 | D:11     | Killed Urug
 13116 | D:11     | Learned a level 3 spell: Mephitic Cloud
 13344 | D:12     | Identified the "Cagi"
 13344 | D:12     | Noticed a two-headed ogre
 13350 | D:12     | Killed a two-headed ogre
 13459 | D:12     | Noticed Azrael
 13626 | D:12     | You fall into a shaft and drop 2 floors!
 13653 | D:12     | Noticed a deep elf pyromancer
 13686 | D:12     | Killed a deep elf pyromancer
 13889 | D:12     | Noticed a deep elf pyromancer
 13893 | D:12     | Killed a deep elf pyromancer
 14122 | D:11     | Acquired the +8 double sword "Duschake" {spect, rPois rF+++
                  | rC- Str+4}
 14229 | D:12     | Killed Azrael
 14396 | D:12     | Found a staircase to the Orcish Mines.
 14946 | D:12     | Identified the +4 leather armour of Keqaud {Fly rPois rCorr
                  | Int-4}
 15147 | Lair:1   | Entered Level 1 of the Lair of Beasts
 15174 | Lair:1   | Reached XP level 12. HP: 97/97 MP: 14/26
 15176 | Lair:1   | Reached skill level 5 in Air Magic
 15344 | Lair:1   | Found a dark tunnel.
 15363 | Volcano  | Entered a volcano
 15677 | Volcano  | Noticed a red draconian
 15691 | Volcano  | Killed a red draconian
 16637 | Lair:1   | Learned a level 7 spell: Enfeeble
 16919 | Lair:2   | Noticed an eight-headed hydra
 16928 | Lair:2   | Killed an eight-headed hydra
 17202 | Lair:2   | Reached XP level 13. HP: 19/107 MP: 9/28
 17857 | Lair:2   | Identified the staff "Zoyrph" {rElec SInv Earth}
 18231 | Lair:2   | Found a staircase to the Swamp.
 19206 | Lair:3   | Found a staircase to the Snake Pit.
 19521 | Lair:4   | Noticed Sonja
 19741 | Lair:4   | Killed Sonja
 19787 | Lair:4   | Found a gate leading to a gauntlet.
 19817 | Gauntlet | Entered a Gauntlet
 19817 | Gauntlet | Found a transporter.
 19817 | Gauntlet | Found a transporter.
 19820 | Gauntlet | Found a transporter.
 19823 | Gauntlet | Found a transporter.
 19824 | Gauntlet | Found a transporter.
 19824 | Gauntlet | Found a transporter.
 19859 | Gauntlet | Found a transporter.
 19860 | Gauntlet | Found a transporter.
 19880 | Gauntlet | Found a transporter.
 19888 | Gauntlet | Found a transporter.
 19902 | Gauntlet | Found a transporter.
 19906 | Gauntlet | Found a transporter.
 20257 | Gauntlet | Learned a level 2 spell: Wereblood
 20306 | Gauntlet | Identified the +0 helmet "Ziples" {MP+9}
 20362 | Gauntlet | Noticed a minotaur
 20386 | Gauntlet | Killed a minotaur
 20696 | Gauntlet | Identified the +1 pair of boots of Defiance {rC+ rN+ Int-3
                  | Dex+3}
 21424 | Lair:4   | Found a staircase to the Slime Pits.
 22027 | Lair:5   | Entered Level 5 of the Lair of Beasts
 22382 | Lair:5   | Reached XP level 14. HP: 53/116 MP: 30/30
 23881 | Lair:5   | Reached skill level 10 in Stealth
 25286 | Orc:1    | Entered Level 1 of the Orcish Mines
 25539 | Orc:2    | Entered Level 2 of the Orcish Mines
 25557 | Orc:2    | Found a staircase to the Elven Halls.
 27081 | Orc:2    | Found Afocaat's General Store.
 27082 | Orc:2    | Found Cypex's Magic Scroll Emporium.
 27103 | Orc:2    | Bought a scroll of summoning for 104 gold pieces
 27103 | Orc:2    | Bought a scroll of enchant armour for 82 gold pieces
 27186 | Orc:2    | Reached skill level 10 in Summonings
 27799 | Orc:2    | Reached XP level 15. HP: 79/125 MP: 22/32
 27938 | Orc:2    | Bought a potion of haste for 130 gold pieces
 27938 | Orc:2    | Bought a scroll of blinking for 97 gold pieces
 27941 | Orc:2    | Bought a scroll of immolation for 44 gold pieces
 27941 | Orc:2    | Bought a scroll of immolation for 44 gold pieces
 27941 | Orc:2    | Bought a scroll of immolation for 44 gold pieces
 27941 | Orc:2    | Bought a scroll of vulnerability for 44 gold pieces
 28162 | Orc:2    | Found Dutsugej's Jewellery Shop.
 28162 | Orc:2    | Found Gaedgh's Antique Weapon Boutique.
 28162 | Orc:2    | Found a one-way gate leading to the halls of Pandemonium.
 28220 | Orc:2    | Bought the ring "Fankee" {Contam rF+ MP+9 Str+6} for 949
                  | gold pieces
 28373 | Desolati | Identified the "Jaettod"
 28373 | Desolati | Identified the "Ciluumom"
 28373 | Desolati | Identified the "Foifozu"
 28373 | Vaults:4 | Identified the "Ocriblil"
 28373 | Depths:2 | Identified the of Diecuz
 28373 | Depths:3 | Identified the "Jacosh"
 28373 | WizLab   | Identified the of Cijirch
 28373 | Elf:1    | Entered Level 1 of the Elven Halls
 28529 | Elf:1    | Reached skill level 10 in Dodging
 28595 | Elf:1    | Found a magical portal.
 28601 | Elf:1    | Reached skill level 10 in Hexes
 28606 | Elf:1    | Killed from afar by a deep elf knight

Illustrated notes

Levels and vault maps discovered:
D:1:      roadster_arrival_rocket_small, layout_rooms, basic_ecumenical_altar
D:2:      layout_basic, serial_shops, shop, shop, minmay_vboxes
D:3:      layout_loops_ring, general_overflow_altar, zin_treasury, serial_shops,
          shop, chequers_serial_rivers_small_3, uniq_sigmund
D:4:      layout_basic, temple_fountains, minmay_ogre_servants, uniq_eustachio
D:5:      layout_basic, minmay_overflow_temple_star_quad,
          mainiacjoe_ossuary_entry_find_the_door, uniq_blork_the_orc
D:6:      layout_basic, nicolae_vehumet_altar_sigil, makhleb_heckhound_becter
D:7:      layout_basic
D:8:      layout_cave_pools, hellmonk_okawaru_the_only_friend_you_need,
          hellmonk_ghost_happy_afterlife, uniq_psyche, uniq_maggie
D:9:      layout_loops_ring, erik_lair_orcish_takeover,
          chequers_serial_rivers_micro_d, uniq_jeremiah
D:10:     layout_cave_pools, kennysheep_ying_yang, mainiacjoe_overflow_chevrons,
          lemuel_crystal_altar, mainiacjoe_overflow_alcove_4,
          mainiacjoe_overflow_24_doors, dreamdust_mushroom_princess
D:11:     layout_loops_cross, uniq_fannar, uniq_urug, uniq_amaemon
D:12:     layout_roguey, orc_0_dummy, minmay_hedge_maze,
          nicolae_elyvilon_peaceful_grove, uniq_azrael
D:13:     layout_roguey, uniq_josephine
D:14:     layout_gridville, david_vaults_1, kennysheep_cross_bottleneck,
          amcnicky_mini_pool_small, uniq_lodul
Lair:1:   layout_cave_pods, lightli_volcano_entry_magma_tube, minivault_27
Lair:2:   nzn_winding_woodlands_three_and_one
          [nzn_winding_woodlands_5x15_longhouse,
          nzn_winding_woodlands_5x15_garden,
          nzn_winding_woodlands_5x15_pathside_ponds,
          nzn_winding_woodlands_center_diamonds], layout_cave_pods,
          minmay_swamp_entry_worms, beast_lair_carwin_5
Lair:3:   layout_long_grid, nicolae_snake_entry_warm_welcome,
          infiniplex_staircase_pool_2
Lair:4:   layout_long_grid, minmay_slime_entry_pillars, special_room
          [special_room_bee], basic_altar, gauntlet_entry_generic,
          grunt_megastairs_3, lemuel_fruit_fields, uniq_sonja
Lair:5:   due_jungle_book, layout_regular_city, grunt_forest_small_clearings
Orc:1:    layout_caves, serial_shops, nicolae_shop_window_shopping,
          abandoned_shop
Orc:2:    pf_orc_diabolical, layout_caves
Elf:1:    nicolae_elf_arrival_no_cutting_in_line, layout_gridlike,
          infiniplex_enter_wizlab_water, basic_altar,
          hangedman_elven_crosses_minicolossus

Skill      XL: |  1  2  3  4  5  6  7  8  9 10 11 12 13 14 15 |
---------------+----------------------------------------------+-----
Dodging        | 2 3 4 5 6 7 8 9 10 | 10.0
Stealth        | 2 3 4 5 6 7 8 9 10 | 10.7
Spellcasting   | 2 3 4 5 6 7 8 9 |  9.2
Summonings     | 4 5 6 7 8 9 10 | 10.3
Fighting       | 1 2 3 4 5 6 7 8 9 |  9.8
Hexes          | 1 2 3 4 5 7 9 10 | 10.0
Long Blades    | 1 2 3 4 5 6 7 |  7.8
Air Magic      | 2 3 4 6 7 |  7.0
Armour         | 2 4 6 |  6.0

Action                     |  1- 3 |  4- 6 |  7- 9 | 10-12 | 13-15 || total
---------------------------+-------+-------+-------+-------+-------++-------
  Melee: Unarmed           |     5 |       |       |       |       ||     5
         Dagger            |     1 |       |       |       |       ||     1
         Short sword       |    28 |     9 |    12 |       |       ||    49
         Rapier            |       |       |    75 |   119 |       ||   194
         Punch             |       |       |     2 |     3 |     9 ||    14
         Double sword      |       |       |       |   144 |   411 ||   555
         Scimitar          |       |       |       |       |    17 ||    17
   Cast: Summon Small Mamm |    46 |     9 |    41 |    26 |     9 ||   131
         Call Imp          |    17 |     7 |    34 |    21 |    10 ||    89
         Call Canine Famil |    13 |     9 |    51 |    45 |    32 ||   150
         Summon Guardian G |       |     5 |    23 |    32 |    47 ||   107
         Summon Lightning  |       |       |    16 |    42 |    99 ||   157
         Mephitic Cloud    |       |       |       |    12 |    17 ||    29
         Wereblood         |       |       |       |       |     3 ||     3
  Evoke: Wand              |       |     3 |     3 |     4 |    10 ||    20
    Use: Potion            |     1 |       |     4 |     2 |     7 ||    14
         Scroll            |       |       |    20 |     5 |    20 ||    45
   Stab: Sleeping          |     3 |       |     3 |     6 |     5 ||    17
         Distracted        |     1 |       |     3 |     8 |    15 ||    27
         Paralysed         |       |       |     1 |       |       ||     1
         Confused          |       |       |       |     3 |     3 ||     6
         Petrifying        |       |       |       |       |     3 ||     3
         Petrified         |       |       |       |       |     3 ||     3
         Invisible         |       |       |       |       |     2 ||     2
 Armour: Robe              |    21 |    18 |    62 |    21 |       ||   122
         Ring mail         |       |       |       |   229 |   348 ||   577
  Dodge: Dodged            |    28 |    17 |    81 |   230 |   375 ||   731
         Repelled          |       |       |       |       |     5 ||     5
  Block: Other             |       |       |    31 |    75 |   109 ||   215
         Reflection        |       |       |     3 |     2 |       ||     5
   Form: Beast             |     1 |       |       |       |       ||     1
                           |     1 |       |       |       |       ||     1

Table legend: (Time is in decaauts)
 A = Elapsed time spent in this place.
 B = Non-inter-level travel time spent in this place.
 C = Inter-level travel time spent in this place.
 D = Time resting spent in this place.
 E = Time spent auto-exploring this place.
 F = Levels seen in this place.
 G = Mean time per level.
                   A        B        C        D        E       F      G
               +--------+--------+--------+--------+--------+-----+--------+
         Total |  28721 |  27793 |    928 |   6897 |  14487 |  24 | 1196.7 |
       Dungeon |  15252 |  14697 |    555 |   2707 |   8931 |  14 | 1089.4 |
          Lair |   8693 |   8411 |    282 |   2366 |   4104 |   5 | 1738.6 |
  Orcish Mines |   3101 |   3010 |     91 |   1098 |   1158 |   2 | 1550.5 |
   Elven Halls |    239 |    239 |      0 |     39 |      0 |   1 |  239.0 |
       Volcano |    545 |    545 |      0 |    151 |    269 |   1 |  545.0 |
      Gauntlet |    889 |    889 |      0 |    536 |     24 |   1 |  889.0 |
               +--------+--------+--------+--------+--------+-----+--------+

Top non-repeatable levels by time:
  Lair:5: 3080 daAuts
   Orc:2: 2602 daAuts
  Lair:2: 1994 daAuts
     D:9: 1849 daAuts
     D:3: 1553 daAuts
  Lair:4: 1486 daAuts
    D:11: 1467 daAuts
     D:5: 1450 daAuts
    D:12: 1446 daAuts
     D:6: 1392 daAuts
     D:8: 1260 daAuts
     D:4: 1188 daAuts
  Lair:3: 1148 daAuts
     D:2: 1142 daAuts
  Lair:1: 983 daAuts
